[ AOE2 MATCH · #507010554 ]
UnrankedAztecs vs Khmer
Player's team · WIN
Rival team · LOSS
[ REPLAY ANALYSIS · EXTRACTED FROM THE RECORDED GAME ]
Feudal
10:23
Castle
29:13
Imperial
44:11
| APM avg | 51.9 |
| APM peak | 102 |
| eAPM avg | 29.7 |
| Villagers / military | 143 / 204 |
Focus
⚔️ 42.4% · 🌾 57.6%
Eagle Scout ×126 · Spearman ×27 · Archer ×17 · Monk ×14 · Militia ×10 · Trebuchet (Packed) ×5
Feudal
10:37
Castle
28:19
Imperial
52:35
| APM avg | 64.2 |
| APM peak | 102 |
| eAPM avg | 33.8 |
| Villagers / military | 504 / 238 |
Focus
⚔️ 24.1% · 🌾 75.9%
Scout Cavalry ×77 · Skirmisher ×51 · Ballista Elephant ×44 · Battle Elephant ×25 · Militia ×17 · Archer ×13
Match map
Initial resources + every placement click. Lines = walls · curves = elevation contours. ◆ gold · ⬟ stone · ● berries · ✦ relic · ◌ wall gap
Your base· Open — 5t gap
virttuallG's base· Open — 2t gap
Smoothed initial terrain · ◌ = detected wall gap · hover for details
Inputs per minute
— Philippvs II - - virttuallG
Build order — Philippvs II
First 150 of 550 actions detected
| 0:02 | Queue | Villager (Male) |
| 0:02 | Queue | Villager (Male) |
| 0:02 | Queue | Villager (Male) |
| 0:05 | Build | House |
| 0:06 | Build | House |
| 0:10 | Queue | Villager (Male) |
| 1:36 | Queue | Villager (Male) |
| 1:59 | Queue | Villager (Male) |
| 1:59 | Queue | Villager (Male) |
| 2:09 | Research | Loom |
| 2:16 | Build | House |
| 2:36 | Queue | Villager (Male) |
| 2:43 | Build | Barracks |
| 2:56 | Build | House |
| 3:12 | Queue | Villager (Male) |
| 3:30 | Queue | Villager (Male) |
| 3:41 | Research | Loom |
| 3:42 | Queue | Militia |
| 4:01 | Queue | Militia |
| 4:01 | Queue | Militia |
| 4:20 | Queue | Militia |
| 4:26 | Queue | Villager (Male) |
| 4:41 | Queue | Militia |
| 4:55 | Queue | Villager (Male) |
| 5:15 | Queue | Militia |
| 5:28 | Queue | Villager (Male) |
| 5:54 | Queue | Villager (Male) |
| 6:12 | Queue | Villager (Male) |
| 6:19 | Build | Lumber Camp |
| 6:27 | Queue | Villager (Male) |
| 6:53 | Queue | Villager (Male) |
| 8:06 | Build | House |
| 8:13 | Research | Feudal Age |
| 8:13 | Research | Feudal Age |
| 8:28 | Build | Outpost |
| 9:03 | Build | Mining Camp |
| 10:23 | Age | Feudal Age |
| 10:25 | Build | Watch Tower |
| 10:28 | Build | Archery Range |
| 10:29 | Queue | Villager (Male) |
| 10:33 | Research | Double-Bit Axe |
| 10:39 | Research | Man-at-Arms (upgrade) |
| 11:23 | Build | House |
| 11:28 | Queue | Archer |
| 11:33 | Queue | Archer |
| 11:35 | Build | House |
| 11:48 | Queue | Villager (Male) |
| 11:51 | Build | House |
| 12:00 | Queue | Archer |
| 12:13 | Build | Mining Camp |
| 12:22 | Build | Palisade Wall |
| 12:36 | Queue | Militia |
| 12:55 | Build | Barracks |
| 13:06 | Queue | Archer |
| 13:13 | Queue | Villager (Male) |
| 13:23 | Build | Blacksmith |
| 13:47 | Queue | Skirmisher |
| 14:04 | Queue | Archer |
| 14:04 | Queue | Archer |
| 14:41 | Queue | Archer |
| 14:54 | Queue | Spearman |
| 15:11 | Queue | Archer |
| 15:35 | Queue | Skirmisher |
| 15:36 | Queue | Militia |
| 16:09 | Queue | Eagle Scout |
| 16:21 | Build | Mill |
| 16:31 | Queue | Archer |
| 16:42 | Build | Watch Tower |
| 16:59 | Queue | Eagle Scout |
| 17:01 | Queue | Archer |
| 17:12 | Queue | Militia |
| 17:29 | Build | Farm |
| 17:30 | Build | Farm |
| 17:30 | Build | Farm |
| 17:30 | Build | Farm |
| 17:30 | Build | Farm |
| 17:31 | Build | Farm |
| 17:31 | Build | Farm |
| 17:31 | Build | Farm |
| 17:31 | Build | Farm |
| 17:32 | Build | Farm |
| 17:32 | Build | Farm |
| 17:32 | Build | Farm |
| 17:34 | Queue | Villager (Male) |
| 18:02 | Build | House |
| 18:03 | Build | Palisade Wall |
| 18:04 | Build | Palisade Wall |
| 18:06 | Build | Palisade Wall |
| 18:09 | Queue | Eagle Scout |
| 18:42 | Queue | Eagle Scout |
| 18:59 | Research | Scale Mail Armor |
| 19:17 | Queue | Archer |
| 19:26 | Queue | Villager (Male) |
| 19:28 | Queue | Villager (Male) |
| 19:30 | Queue | Eagle Scout |
| 19:51 | Queue | Villager (Male) |
| 20:29 | Queue | Villager (Male) |
| 20:39 | Queue | Eagle Scout |
| 20:57 | Research | Arson |
| 21:04 | Queue | Archer |
| 21:06 | Queue | Eagle Scout |
| 21:17 | Queue | Villager (Male) |
| 21:19 | Build | Lumber Camp |
| 21:22 | Queue | Eagle Scout |
| 21:35 | Build | Watch Tower |
| 21:40 | Research | Forging |
| 21:42 | Queue | Villager (Male) |
| 22:01 | Queue | Eagle Scout |
| 22:02 | Queue | Archer |
| 22:37 | Queue | Skirmisher |
| 22:37 | Queue | Archer |
| 22:40 | Build | House |
| 23:12 | Queue | Militia |
| 23:14 | Build | Barracks |
| 23:31 | Build | Barracks |
| 23:41 | Queue | Eagle Scout |
| 23:44 | Queue | Eagle Scout |
| 23:48 | Research | Fletching |
| 24:01 | Queue | Eagle Scout |
| 24:07 | Queue | Villager (Male) |
| 24:11 | Queue | Villager (Male) |
| 24:39 | Queue | Villager (Male) |
| 25:07 | Build | House |
| 25:25 | Build | Market |
| 25:26 | Queue | Villager (Male) |
| 25:29 | Build | House |
| 25:44 | Queue | Villager (Male) |
| 25:48 | Build | Farm |
| 26:18 | Build | Farm |
| 26:20 | Build | Farm |
| 26:33 | Research | Castle Age |
| 26:33 | Research | Castle Age |
| 26:51 | Queue | Eagle Scout |
| 26:51 | Queue | Eagle Scout |
| 27:05 | Build | Farm |
| 27:06 | Build | Farm |
| 27:08 | Build | Farm |
| 27:09 | Build | Farm |
| 27:10 | Research | Horse Collar |
| 27:21 | Queue | Eagle Scout |
| 27:39 | Queue | Eagle Scout |
| 27:41 | Build | Farm |
| 27:43 | Build | Farm |
| 27:43 | Build | Farm |
| 28:03 | Queue | Eagle Scout |
| 28:04 | Queue | Archer |
| 28:26 | Build | Barracks |
| 28:28 | Queue | Eagle Scout |
| 28:54 | Queue | Eagle Scout |
| 29:13 | Age | Castle Age |
Build order — virttuallG
First 150 of 1139 actions detected
| 0:01 | Queue | Villager (Male) |
| 0:02 | Build | House |
| 0:04 | Build | House |
| 0:04 | Queue | Villager (Male) |
| 0:05 | Queue | Villager (Male) |
| 0:05 | Queue | Villager (Male) |
| 1:25 | Queue | Villager (Male) |
| 1:26 | Queue | Villager (Male) |
| 1:44 | Build | Lumber Camp |
| 1:51 | Queue | Villager (Male) |
| 1:51 | Queue | Villager (Male) |
| 2:26 | Queue | Villager (Male) |
| 2:55 | Queue | Villager (Male) |
| 2:59 | Queue | Villager (Male) |
| 3:40 | Queue | Villager (Male) |
| 3:40 | Queue | Villager (Male) |
| 3:58 | Build | House |
| 3:59 | Queue | Villager (Male) |
| 4:22 | Build | House |
| 4:41 | Build | Mining Camp |
| 4:42 | Queue | Villager (Male) |
| 5:07 | Queue | Villager (Male) |
| 5:08 | Queue | Villager (Male) |
| 5:12 | Queue | Villager (Male) |
| 5:45 | Queue | Villager (Male) |
| 5:45 | Queue | Villager (Male) |
| 6:05 | Queue | Villager (Male) |
| 6:41 | Queue | Villager (Male) |
| 6:42 | Queue | Villager (Male) |
| 6:46 | Build | Palisade Wall |
| 6:48 | Build | Palisade Wall |
| 6:49 | Build | Palisade Wall |
| 7:11 | Queue | Villager (Male) |
| 7:11 | Queue | Villager (Male) |
| 7:12 | Queue | Villager (Male) |
| 7:18 | Build | Palisade Wall |
| 7:21 | Queue | Villager (Male) |
| 7:21 | Queue | Villager (Male) |
| 7:29 | Build | Barracks |
| 7:31 | Queue | Villager (Male) |
| 7:32 | Queue | Villager (Male) |
| 7:37 | Queue | Villager (Male) |
| 7:37 | Queue | Villager (Male) |
| 7:45 | Research | Loom |
| 7:46 | Queue | Villager (Male) |
| 7:49 | Queue | Villager (Male) |
| 7:55 | Queue | Villager (Male) |
| 8:12 | Queue | Villager (Male) |
| 8:20 | Research | Feudal Age |
| 8:25 | Queue | Militia |
| 8:25 | Queue | Militia |
| 8:31 | Queue | Villager (Male) |
| 8:51 | Build | House |
| 9:06 | Build | House |
| 9:16 | Queue | Militia |
| 9:24 | Queue | Militia |
| 9:40 | Queue | Militia |
| 9:58 | Queue | Villager (Male) |
| 10:11 | Queue | Villager (Male) |
| 10:23 | Queue | Militia |
| 10:37 | Age | Feudal Age |
| 10:39 | Research | Man-at-Arms (upgrade) |
| 10:45 | Queue | Villager (Male) |
| 10:45 | Queue | Villager (Male) |
| 11:00 | Research | Double-Bit Axe |
| 11:07 | Queue | Militia |
| 11:10 | Queue | Villager (Male) |
| 11:25 | Queue | Militia |
| 11:35 | Build | Archery Range |
| 11:54 | Build | Mining Camp |
| 12:21 | Queue | Skirmisher |
| 12:24 | Build | House |
| 12:25 | Build | House |
| 13:08 | Build | Farm |
| 13:08 | Build | Farm |
| 13:08 | Build | Farm |
| 13:09 | Build | Farm |
| 13:09 | Build | Farm |
| 13:11 | Build | Farm |
| 13:24 | Build | Palisade Wall |
| 13:47 | Build | Farm |
| 13:50 | Queue | Skirmisher |
| 13:51 | Queue | Skirmisher |
| 14:01 | Build | Farm |
| 14:02 | Build | Farm |
| 14:10 | Queue | Skirmisher |
| 14:34 | Queue | Villager (Male) |
| 14:34 | Queue | Villager (Male) |
| 14:50 | Queue | Skirmisher |
| 14:52 | Queue | Villager (Male) |
| 14:52 | Queue | Villager (Male) |
| 15:04 | Queue | Skirmisher |
| 15:31 | Queue | Villager (Male) |
| 15:32 | Queue | Skirmisher |
| 15:34 | Queue | Skirmisher |
| 15:51 | Queue | Villager (Male) |
| 15:59 | Build | Blacksmith |
| 16:16 | Queue | Skirmisher |
| 16:22 | Queue | Villager (Male) |
| 16:27 | Build | Farm |
| 16:28 | Queue | Villager (Male) |
| 16:44 | Queue | Skirmisher |
| 16:51 | Queue | Villager (Male) |
| 17:01 | Build | Archery Range |
| 17:06 | Build | Farm |
| 17:13 | Research | Fletching |
| 17:21 | Queue | Villager (Male) |
| 17:27 | Build | House |
| 17:44 | Queue | Villager (Male) |
| 17:56 | Queue | Skirmisher |
| 18:04 | Build | Watch Tower |
| 18:10 | Queue | Villager (Male) |
| 18:11 | Queue | Villager (Male) |
| 18:22 | Build | House |
| 18:30 | Queue | Villager (Male) |
| 18:30 | Queue | Villager (Male) |
| 18:42 | Queue | Skirmisher |
| 18:42 | Queue | Skirmisher |
| 18:55 | Build | Farm |
| 19:00 | Build | Farm |
| 19:00 | Queue | Villager (Male) |
| 19:21 | Build | Watch Tower |
| 19:23 | Build | Mining Camp |
| 19:28 | Queue | Skirmisher |
| 19:29 | Queue | Skirmisher |
| 20:01 | Queue | Villager (Male) |
| 20:02 | Queue | Villager (Male) |
| 20:02 | Queue | Villager (Male) |
| 20:21 | Build | Barracks |
| 20:27 | Queue | Villager (Male) |
| 20:27 | Queue | Villager (Male) |
| 20:29 | Queue | Villager (Male) |
| 20:29 | Queue | Villager (Male) |
| 20:31 | Build | House |
| 20:37 | Queue | Skirmisher |
| 20:45 | Queue | Skirmisher |
| 20:46 | Queue | Archer |
| 20:46 | Queue | Archer |
| 20:47 | Queue | Archer |
| 20:53 | Build | House |
| 21:10 | Queue | Archer |
| 21:11 | Queue | Villager (Male) |
| 21:12 | Queue | Villager (Male) |
| 21:13 | Queue | Villager (Male) |
| 21:13 | Queue | Villager (Male) |
| 21:31 | Build | Palisade Wall |
| 21:33 | Build | Palisade Wall |
| 21:38 | Queue | Archer |
| 21:44 | Queue | Villager (Male) |
| 21:47 | Queue | Archer |
Match timeline
| 2:43 | Philippvs II · first_building Barracks |
| 6:46 | virttuallG · wall_segment Palisade Wall x1 |
| 6:48 | virttuallG · wall_segment Palisade Wall x1 |
| 6:49 | virttuallG · wall_segment Palisade Wall x1 |
| 7:18 | virttuallG · wall_segment Palisade Wall x1 |
| 7:29 | virttuallG · first_building Barracks |
| 10:23 | Philippvs II · age_up feudal |
| 10:28 | Philippvs II · first_building Archery Range |
| 10:37 | virttuallG · age_up feudal |
| 11:35 | virttuallG · first_building Archery Range |
| 12:22 | Philippvs II · wall_segment Palisade Wall x1 |
| 13:24 | virttuallG · wall_segment Palisade Wall x1 |
| 18:03 | Philippvs II · wall_segment Palisade Wall x1 |
| 18:04 | Philippvs II · wall_segment Palisade Wall x2 |
| 18:06 | Philippvs II · wall_segment Palisade Wall x3 |
| 21:31 | virttuallG · wall_segment Palisade Wall x4 |
| 21:33 | virttuallG · wall_segment Palisade Wall x3 |
| 22:01 | virttuallG · wall_segment Palisade Wall x8 |
| 26:15 | virttuallG · wall_segment Palisade Wall x3 |
| 26:19 | virttuallG · wall_segment Palisade Wall x7 |
| 26:22 | virttuallG · wall_segment Palisade Wall x8 |
| 26:24 | virttuallG · wall_segment Palisade Wall x3 |
| 26:30 | Philippvs II · first_market_sell 100 wood |
| 26:31 | Philippvs II · first_market_buy 100 food |
| 28:19 | virttuallG · age_up castle |
| 29:13 | Philippvs II · age_up castle |
| 29:51 | virttuallG · wall_segment Palisade Wall x1 |
| 30:26 | Philippvs II · first_building Siege Workshop |
| 31:32 | virttuallG · first_building Stable |
| 31:58 | virttuallG · first_market_buy 100 food |
| 33:22 | virttuallG · wall_segment Palisade Wall x8 |
| 33:57 | Philippvs II · first_building Monastery |
| 37:28 | virttuallG · wall_segment Palisade Wall x1 |
| 37:57 | virttuallG · first_building Siege Workshop |
| 38:02 | virttuallG · wall_segment Palisade Wall x1 |
| 38:03 | virttuallG · wall_segment Palisade Wall x1 |
| 38:06 | virttuallG · wall_segment Palisade Wall x2 |
| 39:57 | virttuallG · wall_segment Palisade Wall x1 |
| 40:02 | virttuallG · wall_segment Palisade Wall x1 |
| 40:06 | virttuallG · wall_segment Palisade Wall x3 |
| 40:08 | virttuallG · wall_segment Palisade Wall x5 |
| 40:19 | virttuallG · wall_segment Palisade Wall x1 |
| 40:30 | virttuallG · first_building Monastery |
| 41:59 | virttuallG · wall_segment Palisade Wall x1 |
| 42:15 | virttuallG · first_building Castle |
| 42:19 | virttuallG · wall_segment Palisade Wall x1 |
| 44:05 | virttuallG · wall_segment Palisade Wall x1 |
| 44:11 | Philippvs II · age_up imperial |
| 48:15 | Philippvs II · first_building Castle |
| 52:00 | virttuallG · wall_segment Palisade Wall x1 |
| 52:35 | virttuallG · age_up imperial |
| 57:05 | virttuallG · wall_segment Palisade Wall x7 |
| 72:10 | virttuallG · wall_segment Palisade Wall x1 |
| 76:24 | virttuallG · wall_segment Palisade Wall x1 |
| 76:30 | virttuallG · wall_segment Palisade Wall x1 |
| 76:31 | virttuallG · wall_segment Palisade Wall x1 |
| 77:08 | virttuallG · wall_segment Palisade Wall x1 |
| 78:43 | Philippvs II · wall_segment Stone Wall x4 |
| 81:43 | virttuallG · wall_segment Palisade Wall x1 |
| 84:49 | virttuallG · wall_segment Palisade Wall x1 |
| 88:50 | virttuallG · wall_segment Palisade Wall x7 |
| 90:02 | virttuallG · wall_segment Palisade Wall x6 |
| 90:20 | virttuallG · wall_segment Palisade Wall x1 |
| 90:33 | virttuallG · resign |
[ AI ANALYSIS · 1 CREDIT ]
What really happened in this match?
Wolo.gg analyzes every decision: build order, eco, micro, common mistakes by bracket. Personalized analysis on WhatsApp or Discord in 30 seconds.
Civ guide
Aztecs
Perfil
Philippvs II